 Dungeon Crawl Stone Soup version 0.28.0-53-g5a82cb258f (webtiles) character file.

Game seed: 15176164395977175956

217 Peloso the Covered (level 5, 0/47 HPs)
             Began as a Minotaur Fighter on June 1, 2022.
             Succumbed to a scorpion's poison
             ... on level 4 of the Dungeon.
             The game lasted 00:04:14 (2177 turns).

Peloso the Covered (Minotaur Fighter)               Turns: 2177, Time: 00:04:15

Health: 0/47       AC:  9    Str: 26    XL:     5   Next: 62%
Magic:  4/4        EV:  8    Int:  5    God:
Gold:   87         SH:  5    Dex: 12    Spells: 4/4 levels left

rFire   . . .      SeeInvis .   a - +0 falchion (protect)
rCold   . . .      Faith    .   c - +0 buckler
rNeg    . . .      Spirit   .   l - +0 chain mail
rPois   .          Reflect  .   (helmet restricted)
rElec   .          Harm     .   (no cloak)
rCorr   .          Rampage  .   (no gloves)
Will    .....                   (no boots)
Stlth   ..........              (no amulet)
HPRegen 0.15/turn               j - +6 ring of strength
MPRegen 0.09/turn               (no ring)

@: lethally poisoned (0 -> -4), invisible
A: horns 2, retaliatory headbutt
a: no special abilities


You were on level 4 of the Dungeon.
You visited 1 branch of the dungeon, and saw 4 of its levels.

You collected 87 gold pieces.

Inventory:

Hand Weapons
 a - a +0 falchion of protection (weapon)
 b - a +1 hand axe of flaming
Armour
 c - a +0 buckler (worn)
 f - a +0 scale mail
 l - a +0 chain mail (worn)
Jewellery
 g - a ring of wizardry
 j - a +6 ring of strength (left hand)
Scrolls
 e - 5 scrolls of identify
 i - 2 scrolls of fog
Potions
 d - a potion of might
 h - a potion of mutation
 k - a potion of magic


   Skills:
 + Level 4.3 Fighting
 + Level 4.9 Long Blades
 + Level 5.1 Armour
 + Level 0.6 Dodging
 + Level 0.3 Stealth
 + Level 4.2 Shields


You had 4 spell levels left.
You didn't know any spells.
Your spell library contained the following spells:

 Spells                   Type           Power      Damage    Failure   Level
 Sandblast                Erth           0%         2d4       99%         1
 Passwall                 Tmut/Erth      0%         N/A       99%         2
 Ozocubu's Armour         Ice            0%         N/A       100%        3
 Stone Arrow              Conj/Erth      0%         3d7       100%        3
 Ozocubu's Refrigeration  Ice            0%         4d5       100%        7


Dungeon Overview and Level Annotations

Branches:
Dungeon (4/15)
 Temple: D:4-7

Altars:
Nemelex Xobeh

Shops:
D:2 [!(


Innate Abilities, Weirdness & Mutations

You have a pair of horns on your head.
You reflexively headbutt those who attack you in melee.


Message History

You headbutt the hobgoblin, but do no damage.
You closely miss the scorpion.
You feel sick. The scorpion barely misses you. The scorpion stings you.
The hobgoblin barely misses you. You furiously retaliate!
You headbutt the hobgoblin!
You kill the hobgoblin!
You hit the scorpion but do no damage.
You feel sick.
The scorpion stings you but does no damage.
You hit the scorpion.
The scorpion is moderately wounded.
You feel sick.
You are no longer poisoned.
The scorpion stings you but does no damage.
You slash the scorpion!
You headbutt the scorpion, but do no damage.
The scorpion is severely wounded.
The scorpion stings you but does no damage.
The scorpion stings you.
You are poisoned.
The scorpion poisons you!
You hit the scorpion.
The scorpion is almost dead.
* * * LOW HITPOINT WARNING * * *
You feel very sick. The scorpion stings you.
* * * LOW HITPOINT WARNING * * *
You slash the scorpion!
You kill the scorpion!
* * * LOW HITPOINT WARNING * * *
You feel very sick.
Your Armour skill increases to level 5!
* * * LOW HITPOINT WARNING * * *
You feel sick.
It was a potion of invisibility.
You fade into invisibility!
* * * LOW HITPOINT WARNING * * *
You feel sick.
Okay, then.
* * * LOW HITPOINT WARNING * * *
You feel sick.
You die...

#### #### #..###
#..###....##
#..........#
#..........##
#..###†.....## ##..#
#.......#
#...###.@##.###
##.#.#.......# ##
##..............# #.##
#................
...#.###..............
.....#................
.........#........≈...
........##.##....≈≈≈..
#.......# ## ...


There were no monsters in sight!

Vanquished Creatures
  2 scorpions
  2 gnolls (D:3)
  2 adders
  A worm (D:2)
  A dart slug (D:1)
  7 orcs (D:3)
  9 ball pythons
  2 endoplasms (D:2)
  2 giant cockroaches
  2 goblins
  4 hobgoblins
  4 jackals (D:3)
  2 kobolds (D:1)
  A quokka (D:1)
  3 bats (D:1)
  3 frilled lizards
  5 rats
52 creatures vanquished.

Notes
Turn   | Place    | Note
-------+----------+-------------------------------------------
     0 | D:1      | Peloso the Minotaur Fighter began the quest for the Orb.
     0 | D:1      | Reached XP level 1. HP: 19/19 MP: 0/0
   111 | D:1      | Reached XP level 2. HP: 10/27 MP: 1/1
   388 | D:1      | Reached skill level 4 in Armour
   738 | D:2      | Found Hotyat's Distillery.
   758 | D:2      | Found a faded altar of an unknown god.
   803 | D:2      | Found Dablylit's Antique Armour Shop.
   948 | D:2      | Reached XP level 3. HP: 33/33 MP: 2/2
  1023 | D:2      | Found Tydowawe's Weapon Shop.
  1030 | D:2      | Found a sparkling altar of Nemelex Xobeh.
  1654 | D:3      | Noticed a scorpion
  1663 | D:3      | Killed a scorpion
  1664 | D:3      | Reached XP level 4. HP: 16/40 MP: 3/3
  2090 | D:3      | Reached XP level 5. HP: 41/46 MP: 4/4
  2174 | D:4      | Reached skill level 5 in Armour
  2175 | D:4      | HP: 2/47 [poisoned by a scorpion]
  2177 | D:4      | Succumbed to a scorpion's poison

Illustrated notes

Levels and vault maps discovered:
D:1:      erik_arrival_triangle_large, layout_rooms, kennysheep_minor_cross,
          hangedman_decor_clover_reticule, minmay_heptomino_o4
D:2:      layout_basic, basic_altar, serial_shops, shop, shop,
          nicolae_shop_hallway_stairs, shapermc_ecumenical_altar_acropolis
D:3:      lemuel_castle_with_subvaults [lemuel_castle_interior_carwin_1],
          layout_basic, lemuel_flame_loot_1
D:4:      layout_cave_pools, serial_shops, shop, chequers_serial_rivers_small_a,
          uniq_duvessa, uniq_pikel

Skill      XL: |  1  2  3  4  5 |
---------------+----------------+-----
Armour         | 4 5 |  5.1
Shields        | 4 |  4.2
Long Blades    | 4 |  4.9
Fighting       | 4 |  4.3
Dodging        | |  0.6
Stealth        | |  0.3

Action                   |  1- 3 |  4- 6 || total
-------------------------+-------+-------++-------
Melee: Long sword        |    66 |       ||    66
       Headbutt          |     8 |     8 ||    16
       Falchion          |     6 |    44 ||    50
  Use: Scroll            |     4 |       ||     4
       Potion            |       |     1 ||     1
Armor: Scale mail        |    39 |       ||    39
       Chain mail        |     7 |    27 ||    34
Dodge: Dodged            |    43 |    16 ||    59
Block: Buckler           |    24 |     7 ||    31
